Map: Tokamak LE

Players

슬립낫맨 - Winner!

  • Race: Protoss Protoss
  • League: Diamond
  • Spawn Location: 1:00

Miguel

  • Race: Terran Terran
  • Spawn Location: 7:00

VOD

Have the link to the VOD?

Description

Time

  • Played on: June 12, 2025, 4:52 p.m.
  • Length: 24:16
Show
View Real Time Build Order
Export as new Build Order

슬립낫맨 Protoss - Winner!

Build Orders: 1 Gate Expand, Blink Stalkers, Colossus Rush 

Get SALT Encoding   

  12  0:00  Probe  
  13  0:12  Probe  
  14  0:19  Pylon  
  14  0:24  Probe  
  15  0:33  Probe  
  15  0:39  Gateway  
  15  0:41  Probe  
  16  0:46  Assimilator  
  17  0:53  Probe  
  18  1:05  Probe  
  19  1:17  Probe  
  20  1:27  Cybernetics Core  
  20  1:29  Probe  
  21  1:37  Nexus  
  21  1:44  Pylon  
  21  1:49  Assimilator  
  21  1:52  Probe  
  22  1:57  Adept  
  22  2:04  Probe  
  24  2:12  Shield Battery  
  24  2:15  Warp Gate  
  24  2:16  Stalker, Probe  
  27  2:32  Probe  
  28  2:41  Twilight Council, Stalker  
  27  2:46  Probe  
  27  2:49  Probe  
  31  3:01  Blink, Probe  
  31  3:04  Probe  
  33  3:08  Stalker  
  35  3:13  Probe  
  35  3:16  Probe  
  37  3:26  Probe  
  38  3:29  Probe  
  38  3:33  Gateway  
  39  3:44  Gateway  
  39  3:46  Probe  
  39  3:47  Robotics Facility  
  40  3:49  Probe  
  41  3:58  Pylon, Probe  
  42  4:12  Stalker  
  42  4:13  Pylon  
  42  4:16  Probe x2  
  44  4:18  Assimilator  
  44  4:19  Assimilator  
  44  4:29  Probe  
  44  4:30  Stalker  
  46  4:32  Probe  
  46  4:35  Pylon  
  46  4:38  Probe  
  48  4:39  Observer  
  48  4:44  Probe  
  51  4:50  Probe  
  52  4:56  Observer, Probe  
  54  5:04  Robotics Bay  
  54  5:07  Probe  
  55  5:08  Probe  
  55  5:10  Stalker x2  
  60  5:17  Stalker  
  60  5:19  Nexus  
  62  5:28  Probe x2  
  64  5:30  Pylon  
  64  5:33  Pylon  
  64  5:38  Observer  
  65  5:44  Probe x2  
  65  5:45  Charge, Colossus  
  65  5:47  Pylon  
  67  5:50  Forge  
  67  5:52  Pylon  
  67  5:57  Pylon  
  73  6:09  Extended Thermal Lance  
  73  6:10  Probe x2  
  75  6:12  Pylon  
  75  6:17  Gateway  
  75  6:29  Stalker x2  
  75  6:30  Stalker  
  81  6:37  Probe  
  81  6:38  Probe x2  
  84  6:41  Gateway, Colossus  
  84  6:43  Gateway  
  84  6:45  Observer  
  84  6:46  Protoss Ground Weapons Level 1  
  90  6:58  Zealot x3  
  96  7:10  Shield Battery  
  96  7:11  Photon Cannon, Probe x2  
  98  7:17  Stalker  
  100  7:28  Zealot x2  
  100  7:29  Zealot  
  104  7:39  Colossus  
  104  7:41  Zealot x3  
  96  7:52  Zealot x3  
  96  7:54  Probe x3  
  96  7:57  Gateway  
  96  7:58  Gateway  
  105  8:04  Sentry x3  
  111  8:06  Probe x3  
  114  8:17  Pylon  
  114  8:20  Zealot x3  
  119  8:28  Colossus  
  119  8:30  Nexus  
  115  8:41  Zealot x4  
  115  8:47  Protoss Ground Weapons Level 2  
  121  9:02  Zealot x4  
  123  9:03  Zealot x4  
  126  9:25  Probe x3  
  126  9:27  Zealot x6  
  137  9:36  Shield Battery  
  137  9:37  Photon Cannon  
  111  9:46  Zealot x2  
  101  9:54  Zealot x6  
  101  9:57  Pylon  
  113  10:06  Probe  
  113  10:07  Probe  
  113  10:08  Probe  
  113  10:10  Probe  
  117  10:14  Probe  
  117  10:15  Probe  
  117  10:16  Probe  
  117  10:18  Disruptor  
  124  10:22  Gateway, Probe  
  124  10:25  Pylon  
  125  10:28  Probe x2  
  125  10:29  Probe  
  125  10:32  Gateway  
  125  10:33  Gateway  
  125  10:34  Probe  
  125  10:35  Zealot x2  
  133  10:38  Pylon  
  133  10:40  Zealot, Probe  
  133  10:41  Zealot x2  
  140  10:49  Zealot x3  
  136  11:01  Zealot x3  
  136  11:03  Probe x4  
  146  11:04  Protoss Ground Weapons Level 3  
  134  11:13  Disruptor  
  134  11:15  Probe  
  134  11:16  Stalker x6  
  151  11:29  Pylon  
  151  11:30  Forge  
  151  11:34  Robotics Facility  
  151  11:36  Pylon  
  151  11:37  Pylon  
  151  11:40  Pylon  
  151  11:42  Zealot x6  
  163  11:54  Disruptor  
  163  11:56  Zealot x3  
  163  11:57  Zealot x2  
  163  12:01  Protoss Ground Armor Level 1  
  173  12:13  Disruptor  
  161  12:16  Dark Shrine  
  161  12:17  Templar Archives  
  161  12:24  Observer  
  165  12:32  Nexus  
  165  12:34  Pylon  
  165  12:35  Pylon  
  165  12:36  Pylon  
  166  12:42  Observer, Probe x4  
  171  12:48  Zealot x8  
  179  13:00  Zealot x2, Stalker  
  178  13:13  Zealot x5  
  178  13:17  Disruptor  
  178  13:18  Disruptor  
  185  13:29  Nexus, Probe  
  185  13:31  Probe x2  
  185  13:32  Shadow Stride, Pylon  
  185  13:33  Dark Templar x2, Pylon  
  180  13:35  Pylon  
  180  13:44  Zealot x4  
  180  13:46  Observer  
  180  13:47  Pylon  
  188  13:49  Pylon  
  188  13:50  Pylon  
  188  13:55  Zealot x5  
  196  14:20  Zealot x2  
  182  14:33  Nexus  
  182  14:34  Zealot x9  
  182  14:37  Pylon, Disruptor  
  200  14:43  Nexus  
  200  14:44  Dark Templar  
  200  14:45  Pylon  
  200  14:55  Gateway  
  200  14:57  Gateway x2  
  200  14:59  Gateway  
  182  15:10  Zealot x5  
  182  15:11  Zealot x5  
  199  15:34  Protoss Ground Armor Level 2, Protoss Shields Level 1  
  181  15:39  Zealot x8  
  181  15:40  Zealot  
  197  15:44  Dark Templar  
  199  16:11  Gateway x2  
  173  16:12  Gateway  
  153  16:18  Colossus  
  153  16:24  Zealot x12  
  153  16:25  Zealot x3  
  181  16:38  Nexus  
  180  16:45  Colossus  
  180  16:48  High Templar x7, Observer  
  180  16:49  High Templar  
  180  16:53  Observer, Archon x3  
  194  16:54  Archon  
  196  17:21  Assimilator  
  193  17:23  Assimilator  
  193  17:29  Disruptor  
  197  17:30  Dark Templar  
  199  17:53  Protoss Ground Armor Level 3, Protoss Shields Level 2  
  193  18:21  Nexus  
  193  18:22  Assimilator x2  
  193  18:25  Assimilator  
  193  18:26  Assimilator  
  193  18:30  Pylon  
  193  18:32  Pylon  
  193  18:34  Nexus, Pylon  
  193  18:35  Pylon x2, Stalker x3  
  193  18:36  Psionic Storm  
  193  18:38  Pylon  
  198  18:57  Zealot  
  198  19:01  Observer x2  
  193  19:25  Dark Templar x2  
  189  19:42  Dark Templar x2  
  189  19:43  Zealot x3  
  189  19:44  Zealot x5  
  197  19:55  Dark Templar  
  197  19:56  Dark Templar x2  
  195  20:09  Dark Templar  
  195  20:10  Dark Templar  
  197  20:21  Photon Cannon  
  197  20:22  Photon Cannon  
  197  20:24  Photon Cannon  
  197  20:25  Photon Cannon  
  197  20:26  Photon Cannon x3  
  197  20:28  Photon Cannon x2  
  197  20:29  Photon Cannon  
  197  20:30  Photon Cannon  
  197  20:32  Photon Cannon  
  197  20:34  Photon Cannon  
  193  20:36  Photon Cannon  
  193  20:38  Photon Cannon x2  
  193  20:40  Photon Cannon  
  193  20:41  Photon Cannon  
  193  20:42  Photon Cannon  
  193  20:43  Photon Cannon  
  193  20:44  Photon Cannon  
  193  20:47  Pylon  
  193  20:50  Pylon  
  177  21:13  Gateway x2  
  177  21:17  Gateway, Probe  
  175  21:20  Gateway  
  175  21:22  Gateway  
  175  21:26  Gateway  
  175  21:30  Probe  
  173  21:49  Nexus  
  173  21:52  Pylon  
  173  21:54  Pylon  
  170  21:55  Pylon  
  170  21:58  Observer  
  169  22:04  Cybernetics Core  
  169  22:07  Pylon  
  163  22:08  Pylon  
  163  22:10  Pylon  
  163  22:12  Pylon x2  
  163  22:28  Probe x2  
  163  22:29  Pylon  
  165  22:31  Pylon  
  165  22:32  Pylon  
  161  22:53  Stalker x5  
  161  22:54  Stalker  
  161  22:56  Shield Battery  
  171  23:01  Shield Battery  
  171  23:02  Shield Battery  
  171  23:04  Shield Battery  
  171  23:06  Shield Battery  
  171  23:09  Shield Battery  
  159  23:14  Probe x2  
  159  23:15  Probe  
  162  23:20  Stalker x3  
  162  23:21  Stalker x3  
  170  23:54  Stalker x4  
  142  24:02  Zealot x2  
Show
View Real Time Build Order
Export as new Build Order

Miguel Terran 

Build Orders: Reaper Expand 

Get SALT Encoding   

  12  0:00  SCV  
  13  0:12  SCV  
  14  0:17  Supply Depot  
  14  0:25  SCV  
  15  0:38  SCV  
  15  0:40  Barracks  
  16  0:43  Refinery  
  16  0:50  SCV  
  17  1:02  SCV  
  18  1:16  SCV  
  19  1:30  Reaper, Orbital Command  
  20  1:44  Command Center  
  20  1:50  Supply Depot  
  20  1:56  SCV  
  21  2:02  Marine  
  22  2:10  SCV  
  23  2:15  Bunker  
  23  2:17  Factory  
  23  2:20  Marine  
  24  2:24  Refinery  
  24  2:26  SCV  
  25  2:40  SCV  
  25  2:42  Barracks Reactor  
  26  2:52  SCV  
  27  3:05  SCV, Hellion  
  29  3:07  Starport  
  29  3:17  SCV  
  29  3:19  Orbital Command  
  29  3:24  Marine x2  
  31  3:29  SCV, Widow Mine  
  31  3:30  Barracks  
  34  3:41  SCV  
  35  3:44  Marine x2  
  37  3:50  SCV  
  37  3:53  Medivac, SCV, Widow Mine  
  43  3:56  Supply Depot  
  43  4:02  Marine x2, SCV  
  46  4:18  SCV x2  
  46  4:19  Supply Depot, Factory Tech Lab  
  46  4:20  Barracks Tech Lab  
  46  4:30  SCV x2  
  48  4:33  Barracks  
  48  4:40  Refinery  
  48  4:42  Supply Depot, SCV x2  
  48  4:43  Siege Tank  
  48  4:44  Stimpack  
  53  4:51  Marine  
  53  4:52  Marine  
  55  4:54  SCV  
  55  4:55  Starport Reactor  
  55  4:56  SCV  
  57  5:02  Marauder  
  57  5:03  Engineering Bay  
  57  5:06  SCV  
  60  5:09  SCV, Marine  
  60  5:12  Supply Depot  
  62  5:15  Refinery  
  62  5:17  Siege Tank  
  62  5:18  SCV  
  62  5:21  SCV  
  67  5:31  SCV, Terran Infantry Weapons Level 1  
  67  5:33  SCV  
  67  5:35  Supply Depot  
  69  5:38  Marine  
  69  5:39  Marine  
  69  5:40  Medivac, Marauder  
  75  5:43  SCV  
  75  5:45  SCV  
  77  5:55  SCV, Combat Shield  
  78  5:57  SCV  
  78  5:58  Supply Depot x2  
  78  6:00  Medivac  
  78  6:01  Marine x2, Marauder  
  85  6:07  SCV  
  86  6:18  Factory Reactor  
  86  6:19  SCV  
  86  6:20  Marauder  
  86  6:23  Marauder  
  88  6:27  Marine x2  
  88  6:29  Concussive Shells  
  90  6:33  Medivac  
  93  6:40  SCV  
  93  6:41  Supply Depot, Marauder  
  93  6:42  Supply Depot  
  93  6:44  Marauder, Command Center  
  93  6:46  Barracks  
  97  6:49  SCV, Barracks  
  97  6:51  Marine  
  97  6:52  Marine  
  100  6:56  SCV  
  100  6:58  Supply Depot  
  101  7:02  Widow Mine x2, Marauder  
  101  7:03  SCV  
  101  7:06  Marauder  
  110  7:10  SCV  
  110  7:15  SCV  
  112  7:16  Medivac x2  
  112  7:22  SCV  
  117  7:24  Supply Depot  
  117  7:25  Supply Depot  
  117  7:27  SCV  
  117  7:28  Marauder x2  
  117  7:29  Widow Mine x2  
  120  7:50  Marauder x2  
  124  7:52  Marine x2  
  124  7:53  Viking  
  124  7:54  Viking  
  128  8:05  Barracks Tech Lab  
  128  8:07  Barracks Reactor  
  128  8:11  Supply Depot, Marauder x2  
  128  8:12  Orbital Command  
  131  8:13  Supply Depot, SCV  
  131  8:16  Terran Infantry Armor Level 1  
  131  8:19  Engineering Bay, Marine x2  
  133  8:21  Armory  
  134  8:36  Marauder x2  
  134  8:38  Marine  
  134  8:39  Marine x2  
  134  8:40  Viking, Widow Mine x2  
  147  8:48  Viking  
  149  8:50  Supply Depot  
  149  8:51  Supply Depot, Marine x2  
  148  8:56  Marine  
  148  8:57  Marine x2, Marauder  
  149  9:24  Marauder  
  149  9:25  Marauder  
  149  9:26  Viking x2, Marauder  
  137  9:46  Marauder x2  
  137  9:47  Marauder  
  137  9:52  Marine x2  
  126  9:54  Marine  
  126  9:56  Widow Mine x2  
  126  9:57  SCV  
  132  10:01  Terran Infantry Weapons Level 2  
  132  10:07  Marauder x2  
  132  10:08  Marauder  
  132  10:09  SCV  
  132  10:11  Refinery  
  132  10:12  Refinery  
  132  10:14  Marine x2  
  140  10:16  Viking x2  
  145  10:21  Barracks  
  145  10:23  Barracks  
  145  10:25  Barracks  
  145  10:28  Terran Infantry Armor Level 2, Command Center  
  145  10:29  Marauder x2  
  145  10:30  Marauder  
  145  10:34  Marine x2  
  145  10:35  Ghost Academy, Marine x2  
  152  10:50  Marauder  
  152  10:53  Marine  
  152  10:54  Viking, Marauder x2  
  152  10:55  Viking  
  163  10:58  SCV  
  163  11:02  SCV, Marine x3  
  168  11:04  Starport, SCV  
  168  11:05  Factory Reactor  
  168  11:11  Marine, Marauder  
  164  11:18  SCV, Marauder x2  
  169  11:20  Marine x2, SCV  
  169  11:22  Marine  
  169  11:24  Missile Turret  
  174  11:26  Sensor Tower  
  174  11:29  Marine, Viking  
  174  11:31  Barracks Tech Lab x2  
  174  11:32  Barracks Tech Lab  
  179  11:33  Marauder  
  179  11:34  SCV  
  179  11:35  SCV  
  182  11:40  SCV  
  182  11:47  Ghost  
  182  11:48  Marauder  
  181  12:13  Ghost x4  
  181  12:15  Viking  
  187  12:23  Marine x4  
  187  12:26  Planetary Fortress  
  187  12:28  Missile Turret  
  191  12:33  Refinery  
  191  12:34  Sensor Tower  
  191  12:37  Ghost  
  191  12:40  Missile Turret  
  191  12:44  Marauder x3  
  200  12:49  Refinery  
  199  13:09  Fusion Core  
  190  13:32  Marine  
  185  13:34  Terran Infantry Weapons Level 3  
  185  13:37  Marine  
  185  13:38  SCV  
  188  13:41  SCV  
  188  13:43  SCV x2  
  188  13:48  Ghost, Marauder  
  192  13:49  Marauder x2  
  192  13:53  Command Center  
  192  13:54  Command Center  
  199  14:00  Caduceus Reactor  
  199  14:04  Marine  
  200  14:20  Terran Ship Weapons Level 1, Terran Infantry Armor Level 3  
  190  14:41  SCV x2  
  190  14:45  Missile Turret  
  188  14:46  Bunker  
  188  14:49  SCV  
  188  14:50  SCV  
  190  14:53  SCV  
  190  14:54  Ghost x3  
  190  14:57  Advanced Ballistics  
  165  15:08  Barracks, Ghost x3  
  165  15:09  Barracks  
  165  15:12  Viking x4  
  182  15:15  Widow Mine  
  182  15:16  Widow Mine  
  186  15:22  Marine x4, Ghost  
  186  15:23  Marauder  
  186  15:24  Marauder  
  189  15:37  Marine x3  
  189  15:40  Marine x2  
  194  15:44  Viking x3  
  194  15:46  Orbital Command x2  
  200  15:57  Command Center  
  196  16:13  Orbital Command  
  168  16:24  Marine x3  
  168  16:25  Marauder x3  
  163  16:28  Marine  
  163  16:29  Marauder  
  163  16:30  Liberator x3  
  177  16:33  Marauder x2  
  177  16:36  SCV  
  177  16:38  SCV x2  
  182  16:45  Widow Mine  
  182  16:46  Barracks Tech Lab, Widow Mine, Marauder x2  
  189  16:55  SCV  
  189  16:56  Barracks Tech Lab  
  190  17:07  Missile Turret, Marine, Marauder x4  
  197  17:14  Hi-Sec Auto Tracking  
  193  17:45  Liberator x2  
  199  18:10  Command Center  
  199  18:13  Sensor Tower  
  199  18:14  Missile Turret  
  199  18:21  Planetary Fortress  
  199  18:29  Refinery, Command Center  
  199  18:34  Refinery  
  193  18:43  Liberator x2  
  199  18:57  Missile Turret  
  199  18:58  SCV  
  199  18:59  Missile Turret, Sensor Tower  
  179  19:33  Liberator x4  
  182  19:48  Orbital Command  
  170  20:08  Ghost  
  170  20:09  Ghost  
  144  20:15  Liberator  
  144  20:16  Liberator x3  
  152  20:58  Liberator  
  152  20:59  Liberator x3  
Tags
 
Add a new tag
Caveats
  • Supply blocks, unpowered buildings, or Contaminate may cause inaccurate times.
  • Supply counts are checked every 10 seconds.